 Dungeon Sprint DCSS version 0.21-a0-278-ga722497 (webtiles) character file.

4533 potatolord6000 the Grappler (level 10, -16/111 HPs)
             Began as a Troll Monk on Sept 22, 2017.
             Was a Priest of Nemelex Xobeh.
             Demolished by a red devil
             ... wielding a cursed -1 trident
              (21 damage)
             ... in the Dungeon (Sprint VII: "The Pits").
             The game lasted 00:10:09 (1268 turns).

potatolord6000 the Grappler (Troll Monk)            Turns: 1268, Time: 00:10:11

Health: -16/111    AC:  6    Str: 27    XL:     10   Next: 17%
Magic:  17/17      EV: 15    Int:  9    God:    Nemelex Xobeh [***...]
Gold:   0          SH:  0    Dex: 12    Spells: 9/9 levels left

rFire    . . .     SeeInvis .     - Unarmed
rCold    . . .     Gourm    +   (no shield)
rNeg     . . .     Faith    .   a - +0 robe
rPois    .         Spirit   .   (helmet restricted)
rElec    .         Reflect  .   p - +0 cloak
rCorr    .         Harm     .   (gloves unavailable)
MR       .....     NoTele   +   (boots unavailable)
Stlth    ++........             (no amulet)
HPRegen  0.68/turn              r - +3 ring of intelligence
MPRegen  0.15/turn              s - +3 ring of strength

@: no status effects
A: unfitting armour, claws 3, fast metabolism 3, gourmand, regeneration 1,
shaggy fur 1, tough skin 2
a: Triple Draw, Renounce Religion


You were in the Dungeon.
You worshipped Nemelex Xobeh.
Nemelex Xobeh was most pleased with you.
You were not hungry.

You visited 1 branch

Inventory:

Armour
 a - a +0 robe (worn)
 p - a +0 cloak (worn)
Jewellery
 r - a +3 ring of intelligence (left claw)
 s - a +3 ring of strength (right claw)
Scrolls
 j - 3 scrolls of remove curse
 k - 5 scrolls of amnesia
 l - a scroll of summoning
Potions
 c - 5 potions of curing
 e - 3 potions of haste
 f - 4 potions of magic
 g - 5 potions of berserk rage
 i - 2 potions of invisibility
 u - 3 potions of might
 v - a potion of resistance
Miscellaneous
 q - a plain deck of summoning {drawn: 5}
 t - a plain deck of summoning {drawn: 1}
 w - a plain deck of destruction {drawn: 3}
 x - a plain deck of summoning
Comestibles
 b - 9 bread rations
 m - 40 fruits
 n - 5 meat rations


   Skills:
 + Level 10.6 Fighting
 + Level 10.6 Dodging
 - Level 1.0 Stealth
 + Level 12.3 Unarmed Combat
 + Level 11.0 Invocations


You had 9 spell levels left.
You didn't know any spells.

Dungeon Overview and Level Annotations

Branches:
Dungeon (1/1)

Altars:
Ashenzari
Cheibriados
Dithmenos
Elyvilon
Fedhas
Gozag
Hepliaklqana
Kikubaaqudgha
Makhleb
Nemelex Xobeh
Okawaru
Qazlal
Ru
Sif Muna
Trog
Uskayaw
Vehumet
Wu Jian
Xom
Yredelemnul
Zin
The Shining One
Beogh
Jiyva
Lugonu


Innate Abilities, Weirdness & Mutations

You are too large for most types of armour.
You have claws for hands.
Your metabolism is lightning-fast.
You like to eat raw meat.
Your natural rate of healing is unusually fast.
You are covered in fur. (AC +1)
You have very tough skin. (AC +2)


Message History

Your hand axe of venom barely misses the deep troll.
Potatolord6000's illusion hits the deep troll.
Your killer bee stings the blink frog.
Your killer bee misses the blink frog.
The red devil hits you from afar with an enchanted trident.
* * * LOW HITPOINT WARNING * * *
Potatolord6000's illusion hits the blink frog!!
The blink frog dies!
Unknown command.
Unknown command.
Your killer bee barely misses the red devil.
The deep troll bites you!!
* * * LOW HITPOINT WARNING * * *
The deep troll misses you. The deep troll closely misses you.
The blink frog blinks!
Your killer bee barely misses the red devil.
Potatolord6000's illusion hits the deep troll but does no damage.
Your killer bee misses the red devil.
The red devil hits you from afar with an enchanted trident!!
You die...
Your body disappears without a glow.

#................#
####'#####''######
#.......##''#########
#.......##......#...+ .
#.......##....###...## . .#
#...<...##...##.'...+.## ...#
#.......##..##.†##'##..##...#
#.......##..#..##...##..'...#
#.......##..#..#@T(..#..#...#
##########..'..+.@4y.'..†...+
##########..#..#F....#..#...#
...#..[[##..#..##...##..+ ..#
...#..[[##..##..##)##..## F#
...'..))##...##.+...†.## .#
†..#..))##....###.÷.### .#
...#..))##......#...+ .
#####################


You could see a deep troll, a blink frog, a red devil, a friendly killer bee, a
friendly hand axe of venom and the friendly potatolord6000's illusion.

Vanquished Creatures
  A spiny frog (D)
  A redback (D)
  A shadow (D)
  5 yaks (D)
  A steam dragon (D)
  A small abomination (D)
  A floating eye (D)
  A black bear (D)
  An ice beast (D)
  3 wights (D)
  A jelly (D)
  An orc priest (D)
  Crazy Yiuf (D)
  An iron imp (D)
  An iguana (D)
  A gnoll (D)
  An ufetubus (D)
  An adder skeleton (D)
  2 orcs (D)
  A ball python (D)
  A goblin (D)
  A quokka (D)
  A giant cockroach zombie (D)
  A leopard gecko zombie (D)
  A rat (D)
32 creatures vanquished.

Vanquished Creatures (collateral kills)
  A dancing weapon (D)
  A spriggan druid (D)
  A sea snake (D)
  An elephant (D)
  A spiny frog (D)
  A jumping spider (D)
  2 blink frogs (D)
  A wraith (D)
  A basilisk (D)
  A steam dragon (D)
  A water moccasin (D)
  A floating eye (D)
  A necrophage (D)
  A big kobold (D)
  2 orc wizards (D)
  A leopard gecko (D)
  A ball python (D)
  A quokka (D)
20 creatures vanquished.

Vanquished Creatures (others)
  A large abomination (D)
  A blink frog (D)
  A swamp drake (D)
3 creatures vanquished.

Grand Total: 55 creatures vanquished

Notes
Turn   | Place    | Note
-------+----------+-------------------------------------------
     0 | D        | potatolord6000 the Troll Monk began the quest for the Orb.
     0 | D        | Reached XP level 1. HP: 22/22 MP: 0/0
    43 | D        | Found a bloodstained altar of Trog.
    43 | D        | Found a deep blue altar of Sif Muna.
    43 | D        | Found a viscous altar of Jiyva.
    43 | D        | Found a hazy altar of Hepliaklqana.
    43 | D        | Found an opulent altar of Gozag.
    44 | D        | Found a glowing golden altar of the Shining One.
    44 | D        | Found a glowing silver altar of Zin.
    44 | D        | Found a basalt altar of Yredelemnul.
    44 | D        | Found a shimmering altar of Xom.
    44 | D        | Found an ornate altar of the Wu Jian Council.
    44 | D        | Found a sacrificial altar of Ru.
    44 | D        | Found a stormy altar of Qazlal.
    44 | D        | Found an iron altar of Okawaru.
    44 | D        | Found a sparkling altar of Nemelex Xobeh.
    44 | D        | Found a burning altar of Makhleb.
    44 | D        | Found a blossoming altar of Fedhas.
    44 | D        | Found a white marble altar of Elyvilon.
    44 | D        | Found a shadowy altar of Dithmenos.
    44 | D        | Found a snail-covered altar of Cheibriados.
    47 | D        | Found a corrupted altar of Lugonu.
    47 | D        | Found a radiant altar of Vehumet.
    47 | D        | Found a roughly hewn altar of Beogh.
    49 | D        | Found a shattered altar of Ashenzari.
    49 | D        | Found an ancient bone altar of Kikubaaqudgha.
    49 | D        | Found a hide-covered altar of Uskayaw.
    50 | D        | Became a worshipper of Hepliaklqana the Forgotten
    50 | D        | Reached * piety under Hepliaklqana
    50 | D        | Reached ** piety under Hepliaklqana
    52 | D        | Remembered your ancestor Ankherfenedjef as a knight
    58 | D        | Fell from the grace of Hepliaklqana
    58 | D        | Became a worshipper of Nemelex Xobeh the Trickster
    73 | D        | Received a gift from Nemelex Xobeh
    83 | D        | Noticed a floating eye
    87 | D        | Paralysed by a floating eye for 2 turns
    91 | D        | Killed a floating eye
    91 | D        | Was forgiven by Hepliaklqana
    91 | D        | Reached skill level 5 in Unarmed Combat
    91 | D        | Reached XP level 2. HP: 28/33 MP: 0/3
    91 | D        | Reached XP level 3. HP: 34/40 MP: 0/4
    91 | D        | Reached XP level 4. HP: 42/49 MP: 0/5
   119 | D        | Reached XP level 5. HP: 44/55 MP: 2/7
   175 | D        | Reached * piety under Nemelex Xobeh
   178 | D        | Noticed a water moccasin
   178 | D        | Noticed a floating eye
   189 | D        | Reached skill level 5 in Fighting
   189 | D        | Reached skill level 5 in Dodging
   189 | D        | Reached skill level 6 in Unarmed Combat
   203 | D        | Paralysed by a floating eye for 2 turns
   209 | D        | Killed a water moccasin
   209 | D        | Reached skill level 7 in Unarmed Combat
   209 | D        | Reached skill level 5 in Invocations
   209 | D        | Reached XP level 6. HP: 27/67 MP: 7/9
   214 | D        | Paralysed by a floating eye for 4 turns
   216 | D        | Killed a floating eye
   302 | D        | Noticed Crazy Yiuf
   305 | D        | Killed Crazy Yiuf
   328 | D        | Noticed a spiny frog
   334 | D        | Killed a spiny frog
   334 | D        | Reached skill level 8 in Unarmed Combat
   334 | D        | Reached XP level 7. HP: 50/78 MP: 9/11
   432 | D        | Reached skill level 9 in Unarmed Combat
   443 | D        | Received a gift from Nemelex Xobeh
   450 | D        | Noticed a shadow
   450 | D        | Noticed a spiny frog
   456 | D        | Killed a spiny frog
   460 | D        | Killed a shadow
   460 | D        | Reached XP level 8. HP: 58/88 MP: 11/13
   467 | D        | Reached ** piety under Nemelex Xobeh
   467 | D        | Received a gift from Nemelex Xobeh
   590 | D        | Received a gift from Nemelex Xobeh
   771 | D        | Reached skill level 10 in Unarmed Combat
   785 | D        | Reached *** piety under Nemelex Xobeh
   812 | D        | Reached XP level 9. HP: 53/98 MP: 14/14
   933 | D        | Received a gift from Nemelex Xobeh
   940 | D        | Reached skill level 11 in Unarmed Combat
   955 | D        | Noticed a sea snake
   976 | D        | Killed a sea snake
   976 | D        | Reached skill level 10 in Invocations
  1124 | D        | Noticed a spriggan druid
  1131 | D        | Killed a spriggan druid
  1238 | D        | Noticed a red devil
  1238 | D        | Noticed an elephant
  1238 | D        | Noticed a jumping spider
  1239 | D        | Reached skill level 10 in Fighting
  1239 | D        | Reached skill level 10 in Dodging
  1241 | D        | Noticed a large abomination
  1241 | D        | Noticed a long sword of protection
  1244 | D        | Noticed a deep troll
  1246 | D        | Killed an elephant
  1255 | D        | Killed a large abomination
  1255 | D        | Reached skill level 12 in Unarmed Combat
  1255 | D        | Reached XP level 10. HP: 111/111 MP: 15/17
  1265 | D        | Killed a long sword of protection
  1267 | D        | HP: 4/111 [deep troll (19)]
  1268 | D        | Demolished by a red devil

Vault maps used:
D:        pitsprint

Skill      XL: |  1  2  3  4  5  6  7  8  9 10 |
---------------+-------------------------------+-----
Fighting       | 4 5 7 9 10 | 10.6
Dodging        | 4 5 7 8 9 10 | 10.6
Unarmed Combat | 5 7 8 9 10 12 | 12.3
Invocations    | 3 4 5 7 8 9 10 11 | 11.0
Stealth        | |  1.0

Action                   |  1- 3 |  4- 6 |  7- 9 | 10-12 || total
-------------------------+-------+-------+-------+-------++-------
Melee: Unarmed           |     9 |    43 |    55 |       ||   107
       Punch             |       |     3 |     6 |       ||     9
Invok: Ancestor Life: Kn |     1 |       |       |       ||     1
Evoke: Deck              |       |     1 |    12 |     5 ||    18
  Use: Potion            |       |     2 |     5 |     1 ||     8
       Scroll            |       |       |     1 |       ||     1
 Stab: Sleeping          |     1 |       |     1 |       ||     2
  Eat: Meat ration       |       |       |     2 |       ||     2
Armor: Robe              |     2 |     7 |    16 |     1 ||    26
Dodge: Dodged            |       |    30 |    42 |     7 ||    79

Table legend:
 A = Spawn XP
 B = Non-spawn XP
 C = Spawn XP percentage of total XP
 D = Spawn monster count
 E = Non-spawn monster count
 F = Spawn count percentage of total count
 G = Total turns spent on level
                    A         B        C        D         E        F      G
               +---------+---------+-------+---------+---------+-------+---------
         Total |       0 |    6476 |   0.0 |       0 |      54 |   0.0 |  1268
               +---------+---------+-------+---------+---------+-------+---------
             D |       0 |    6476 |   0.0 |       0 |      54 |   0.0 |  1268
               +---------+---------+-------+---------+---------+-------+---------
